 Dungeon Crawl Stone Soup version 0.28.0-1-gb440e238dd (webtiles) character file.

Game seed: 7721428543545234940

479 Zeldest the Caller (level 7, 0/36 HPs)
             Began as a Vine Stalker Summoner on Feb 21, 2022.
             Killed from afar by Blork the orc (6 damage)
             ... with a magic dart
             ... on level 4 of the Dungeon.
             The game lasted 00:12:01 (1615 turns).

Zeldest the Caller (Vine Stalker Summoner)          Turns: 1615, Time: 00:12:02

Health: 0/36       AC:  3    Str: 11    XL:     7   Next: 11%
Magic:  0/11       EV: 12    Int: 17    God:
Gold:   123        SH:  0    Dex: 14    Spells: 4/10 levels left

rFire   . . .      SeeInvis .     - Unarmed
rCold   . . .      Faith    .   (no shield)
rNeg    . . .      Spirit   +   a - +0 robe
rPois   .          Reflect  .   f - +0 helmet
rElec   .          Harm     .   (no cloak)
rCorr   .          Rampage  .   (no gloves)
Will    .....                   (no boots)
Stlth   ++........              (no amulet)
HPRegen 0.92/turn               (no ring)
MPRegen 0.12/turn               (no ring)

@: no status effects
A: fangs 2, regeneration 1, magic shield, antimagic bite, no potion heal 2
a: no special abilities


You were on level 4 of the Dungeon.
You visited 1 branch of the dungeon, and saw 4 of its levels.

You collected 123 gold pieces.

Inventory:

Missiles
 b - 11 poisoned darts
Armour
 a - a +0 robe (worn)
 f - a +0 helmet (worn)
Scrolls
 c - 2 scrolls of teleportation
 d - a scroll of brand weapon {unknown}
 g - a scroll of amnesia {unknown}
 j - a scroll of magic mapping {unknown}
Potions
 e - a potion of brilliance
 h - a potion of curing


   Skills:
 + Level 3.5 Fighting
 - Level 1.5 Dodging
 - Level 2.4 Stealth
 + Level 3.9 Unarmed Combat
 - Level 2.1 Spellcasting
 + Level 5.7 Summonings


You had 4 spell levels left.
You knew the following spells:

 Your Spells              Type           Power      Damage    Failure   Level
a - Call Imp              Summ           21%        N/A       2%          2
b - Summon Small Mammal   Summ           84%        N/A       1%          1
c - Call Canine Familiar  Summ           21%        N/A       5%          3

Your spell library contained the following spells:

 Spells                   Type           Power      Damage    Failure   Level
 Summon Guardian Golem    Hex/Summ       11%        N/A       17%         3
 Summon Lightning Spire   Summ/Air       11%        N/A       50%         4


Dungeon Overview and Level Annotations

Branches:
Dungeon (4/15)
 Temple: D:4-7

Altars:
Wu Jian

Annotations:
D:4 Blork the orc


Innate Abilities, Weirdness & Mutations

You have extremely sharp teeth.
Your natural rate of healing is unusually fast.
When hurt, damage is shared between your health and your magic reserves.
Your bite disrupts and absorbs the magic of your enemies.
Potions cannot restore your health.


Message History

Your hound closely misses the orc.
The hobgoblin hits something but does no damage.
Your hound bites the orc.
Blork the orc looks angry.
The orc hits your iron imp but does no damage.
The orc misses your hound.
You see here a scroll labelled LOSU XAROSUI.
Your hound bites the orc.
The orc dies!
Blork the orc closely misses you.
You hit Blork the orc. Your bite misses Blork the orc.
Blork the orc is heavily wounded.
Blork the orc hits you with a +0 trident!
* * * LOW HITPOINT WARNING * * *
The hobgoblin hits your hound but does no damage.
Blork the orc barely misses you.
You hit Blork the orc but do no damage.
You bite Blork the orc, but do no damage.
Blork the orc is heavily wounded.
Blork the orc misses you.
Your iron imp barely misses Blork the orc.
The hobgoblin closely misses your hound.
You hit Blork the orc.
Blork the orc is severely wounded.
Blork the orc closely misses you.
The hobgoblin hits your hound but does no damage.
Your iron imp hits Blork the orc but does no damage.
Blork the orc barely misses your iron imp.
You hit Blork the orc.
Blork the orc is almost dead.
The hobgoblin barely misses your hound. Blork the orc casts a spell at you.
The magic dart hits you.
* * * LOW HITPOINT WARNING * * *
Your iron imp hits Blork the orc.
You hit Blork the orc but do no damage. Your bite misses Blork the orc.
Blork the orc is almost dead.
Blork the orc casts a spell at you. The magic dart hits you.
You die...

..# .........
#.##..## #.........
#.##.... ........?.
#.##...# #.# ..g...
... ...# #.# #5h..o
#?# #..# #.# #..r..
#.# #..# #.# #§....
#?###..###.###.....
#.@o5hg..†...'.....
#####..###)###.....
#..# #.# #####+
#..# #.# .)h# #.#
###.# #.#
#.###.######
#.........<#
#####.######


You could see Blork the orc (fast, ally target), a hobgoblin, a friendly hound
(summoned) and a friendly iron imp (summoned).

Vanquished Creatures
  Robin (D:3)
  A gnoll (D:3)
  An adder (D:2)
  2 dart slugs
  2 ball pythons
  4 bats
  5 endoplasms
  A giant cockroach (D:2)
  4 goblins
  5 hobgoblins
  A quokka (D:2)
  4 frilled lizards (D:1)
  2 kobolds (D:2)
  3 rats
36 creatures vanquished.

Vanquished Creatures (collateral kills)
  Sigmund (D:2)
  A black bear (D:3)
  A hound (D:4)
  Terence (D:2)
  3 gnolls (D:3)
  A worm (D:2)
  2 dart slugs
  An orc (D:4)
  2 endoplasms (D:1)
  A giant cockroach (D:1)
  5 goblins
  A hobgoblin (D:2)
  4 jackals (D:1)
  3 quokkas
  A ball python (D:3)
  2 bats
  A frilled lizard (D:1)
  3 kobolds
  5 rats
39 creatures vanquished.

Vanquished Creatures (others)
  A scorpion (D:4)
1 creature vanquished.

Grand Total: 76 creatures vanquished

Notes
Turn   | Place    | Note
-------+----------+-------------------------------------------
     0 | D:1      | Zeldest the Vine Stalker Summoner began the quest for the
                  | Orb.
     0 | D:1      | Reached XP level 1. HP: 9/9 MP: 4/4
    56 | D:1      | Reached XP level 2. HP: 13/14 MP: 6/6
   167 | D:1      | Reached skill level 1 in Unarmed Combat
   202 | D:1      | You fall into a shaft and drop 1 floor!
   217 | D:2      | Noticed Sigmund
   288 | D:1      | Reached skill level 1 in Fighting
   415 | D:1      | Learned a level 2 spell: Call Imp
   421 | D:1      | Reached XP level 3. HP: 18/18 MP: 4/7
   711 | D:1      | Learned a level 3 spell: Call Canine Familiar
   951 | D:2      | Killed Sigmund
   952 | D:2      | Reached skill level 5 in Summonings
   952 | D:2      | Gained mutation: Your natural rate of healing is unusually
                  | fast. [Vine Stalker growth]
   952 | D:2      | Reached XP level 4. HP: 12/23 MP: 3/8
   952 | D:2      | Reached XP level 5. HP: 14/27 MP: 3/9
  1071 | D:2      | Noticed Terence
  1104 | D:2      | Killed Terence
  1105 | D:2      | Reached XP level 6. HP: 32/32 MP: 0/10
  1349 | D:3      | Noticed Robin
  1377 | D:3      | Killed Robin
  1465 | D:3      | Noticed a black bear
  1470 | D:3      | Found an ornate altar of the Wu Jian Council.
  1493 | D:3      | Killed a black bear
  1569 | D:4      | Noticed Blork the orc
  1584 | D:4      | Reached XP level 7. HP: 31/36 MP: 3/11
  1615 | D:4      | Killed from afar by Blork the orc

Illustrated notes

Levels and vault maps discovered:
D:1:      nicolae_arrival_memento_mori, layout_loops_ring,
          shapermc_ecumenical_altar_mp_vishouse
D:2:      layout_rooms, minmay_pentomino_u2, uniq_sigmund, uniq_terence
D:3:      wad_pebble_path, layout_rooms, nicolae_wu_jian_wuxing_cycle,
          uniq_robin
D:4:      layout_basic, nicolae_yredelemnul_ghost_church,
          nicolae_overflow_crystal_walls, uniq_duvessa, uniq_blork_the_orc,
          uniq_pikel

Skill      XL: |  1  2  3  4  5  6 |
---------------+-------------------+-----
Unarmed Combat | 1 2 3 |  3.9
Fighting       | 1 2 3 |  3.5
Summonings     | 5 |  5.7
Dodging        | |  1.5
Stealth        | |  2.4
Spellcasting   | |  2.1

Action                   |  1- 3 |  4- 6 |  7- 9 || total
-------------------------+-------+-------+-------++-------
Melee: Unarmed           |    63 |    45 |    11 ||   119
       Bite              |    22 |    11 |     3 ||    36
       Punch             |     1 |     1 |       ||     2
 Cast: Summon Small Mamm |    14 |     5 |       ||    19
       Call Imp          |    12 |    12 |     2 ||    26
       Call Canine Famil |     1 |     7 |     1 ||     9
  Use: Scroll            |       |     4 |       ||     4
 Stab: Sleeping          |     2 |     3 |       ||     5
Armor: Robe              |    12 |     5 |     1 ||    18
Dodge: Dodged            |    51 |    33 |    11 ||    95
